 Dungeon Crawl Stone Soup version 0.20-a0-623-gaf3b657 (webtiles) character file.

917 Anonex the Digger (level 8, -6/41 HPs)
             Began as a Gargoyle Earth Elementalist on Feb 10, 2017.
             Killed from afar by Zaque's ghost (18 damage)
             ... with an orb of energy
             ... on level 5 of the Dungeon.
             The game lasted 00:16:22 (6452 turns).

Anonex the Digger (Gargoyle Earth Elementalist)     Turns: 6452, Time: 00:16:23

Health: -6/41      AC:  9    Str: 12    XL:     8   Next: 9%
Magic:  9/17       EV: 12    Int: 18    God:
Gold:   274        SH:  0    Dex: 10    Spells: 10/19 levels left

rFire    . . .     SeeInvis .   l - +1 short sword
rCold    . . .     Gourm    .   c - +0 robe
rNeg     + . .     Faith    .   (no shield)
rPois    ∞         Spirit   .   (no helmet)
rElec    +         Reflect  .   (no cloak)
rCorr    .         Harm     .   (no gloves)
MR       +....                  g - +1 pair of boots
Stlth    ++........             (no amulet)
Regen    0.2/turn               (no ring)
                                o - ring of protection from magic

@: no status effects
A: negative energy resistance 1, electricity resistance, unbreathing,
petrification resistance, rot immunity, AC +5
a: no special abilities


You were on level 5 of the Dungeon.
You were not hungry.

You visited 1 branch of the dungeon, and saw 5 of its levels.

You collected 274 gold pieces.

Inventory:

Hand Weapons
 a - a +0 club
 l - a +1 short sword (weapon)
 s - a +0 whip of freezing
 u - a +0 falchion
Missiles
 b - 57 stones (quivered)
 h - 6 javelins
Armour
 c - a +0 robe (worn)
 g - a +1 pair of boots (worn)
Jewellery
 o - a ring of protection from magic (left hand)
Scrolls
 n - a scroll of teleportation
 t - a scroll of enchant armour
Potions
 i - a potion of agility
 k - a potion of mutation {unknown}
 m - a potion of flight {unknown}
 p - a potion of invisibility
 r - a potion of heal wounds {unknown}
Books
 e - a book of Geomancy

   Spells                             Type                      Level
   a - Sandblast                      Earth                        1
   b - Passwall                       Transmutation/Earth          2
   c - Stone Arrow                    Conjuration/Earth            3
   d - Petrify                        Transmutation/Earth          4
   e - Lee's Rapid Deconstruction     Earth                        5
Comestibles
 d - 3 bread rations
 j - 2 meat rations
 q - 4 chunks of flesh


   Skills:
 - Level 1.5 Dodging
 - Level 2.1 Stealth
 * Level 6.2 Spellcasting
 + Level 4.4 Conjurations
   Level 0.7 Transmutations
 + Level 6.5 Earth Magic


You had 10 spell levels left.
You knew the following spells:

 Your Spells              Type           Power        Failure   Level  Hunger
a - Sandblast             Erth           ####..       1%          1    None
b - Stone Arrow           Conj/Erth      ####..       3%          3    ##.....
c - Lee's Rapid Deconstr  Erth           ####......   24%         5    #####..


Dungeon Overview and Level Annotations

Branches:
Dungeon (5/15)
 Temple: D:4-7

Altars:
Gozag

Annotations:
D:5 Zaque's ghost, novice DECj


Innate Abilities, Weirdness & Mutations

You are resistant to torment.
Your stone body is resilient. (AC +5)
You are immune to poison.
You resist negative energy. (rN+)
You are resistant to electric shocks. (rElec)
You can survive without breathing.
You are immune to petrification.
You are immune to rotting.


Message History

Aiming: Stone Arrow
Press: ? - help, Shift-Dir - straight line, f - Zaque's ghost
Aim: Zaque's ghost The stone arrow hits Zaque's ghost.
Zaque's ghost is moderately damaged.
Casting: Stone Arrow
Confirm with . or Enter, or press ? or * to list all spells.
Aiming: Stone Arrow
Press: ? - help, Shift-Dir - straight line, f/p - Zaque's ghost
Aim: Zaque's ghost (moderately damaged)
The stone arrow hits Zaque's ghost.
Zaque's ghost is severely damaged.
Zaque's ghost points at you and mumbles some strange words.
The orb of energy hits you!
Ouch! That really hurt!
* * * LOW HITPOINT WARNING * * *
You feel better. Zaque's ghost casts a spell at you.
The orb of energy hits you!
You die...

. ... ##.## ....
....#### .)..##
#.#....#
......##.#....###.
#....(...#........
#.............?...
#.........W..?..#
#.......@.#).#..#
#................
#.......###.......
#.......# .......
#........ .......
#####.... .......
..... .......
.....$. ...>


You could see Zaque's ghost.

Vanquished Creatures
  The ghost of mora the Conjurer, an amateur DEWz of Vehumet (D:4)
  A phantom (D:4)
  The ghost of mrks the Slasher, an amateur BaFi of Ru (D:3)
  A water moccasin zombie (D:5)
  A scorpion (D:4)
  A howler monkey (D:4)
  A bullfrog skeleton (D:4)
  A hound (D:4)
  Jessica (D:2)
  Natasha (thrice) (D:2)
  2 orc wizards
  2 worker ants (D:4)
  7 adders
  2 oozes
  An adder skeleton (D:4)
  4 worms
  2 dart slugs
  3 leopard geckos
  11 orcs
  2 ball pythons (D:2)
  8 bats
  3 giant cockroaches
  7 goblins
  17 hobgoblins
  8 jackals
  5 quokkas
  8 frilled lizards
  9 kobolds
  4 rats
117 creatures vanquished.

Notes
Turn   | Place    | Note
-------+----------+-------------------------------------------
     0 | D:1      | Anonex the Gargoyle Earth Elementalist began the quest for the Orb.
     0 | D:1      | Reached XP level 1. HP: 10/10 MP: 3/3
   236 | D:1      | Reached XP level 2. HP: 7/15 MP: 0/5
  1306 | D:1      | Reached XP level 3. HP: 19/19 MP: 7/7
  1311 | D:1      | Learned a level 3 spell: Stone Arrow
  1890 | D:2      | Reached XP level 4. HP: 24/24 MP: 3/9
  2237 | D:2      | Noticed Natasha
  2262 | D:2      | Killed Natasha
  2262 | D:2      | Reached skill level 1 in Conjurations
  2365 | D:2      | Noticed Natasha
  2555 | D:2      | Killed Natasha
  2555 | D:2      | Reached XP level 5. HP: 19/28 MP: 6/10
  2566 | D:2      | Learned a level 5 spell: Lee's Rapid Deconstruction
  2688 | D:2      | Noticed Natasha
  2694 | D:2      | Killed Natasha
  2881 | D:2      | Noticed Jessica
  2885 | D:2      | Killed Jessica
  3209 | D:2      | Reached skill level 5 in Earth Magic
  3456 | D:3      | Noticed mrks's ghost (amateur BaFi)
  3613 | D:3      | Reached XP level 6. HP: 23/32 MP: 2/12
  4241 | D:3      | Found an opulent altar of Gozag.
  4430 | D:3      | Killed mrks's ghost
  5180 | D:4      | Reached skill level 5 in Spellcasting
  5221 | D:4      | Reached XP level 7. HP: 20/36 MP: 3/14
  5776 | D:4      | Noticed mora's ghost (amateur DEWz)
  5782 | D:4      | Killed mora's ghost
  6149 | D:4      | Reached XP level 8. HP: 41/41 MP: 14/17
  6379 | D:5      | Entered Level 5 of the Dungeon
  6445 | D:5      | Noticed Zaque's ghost (novice DECj)
  6452 | D:5      | Killed from afar by Zaque's ghost

Vault maps used:
D:1:      dpeg_chamrin_arrival_tetris
D:2:      uniq_natasha, uniq_jessica
D:3:      first_bread, minmay_misc_feat_hallway,
          nicolae_gozag_cash_rules_everything_around_me
D:4:      minmay_diamond_boxcup
D:5:      kennysheep_generic_room_4

Skill      XL: |  1  2  3  4  5  6  7 |
---------------+----------------------+-----
Spellcasting   | 3 4 5 6 |  6.2
Earth Magic    | 4 5 6 |  6.5
Conjurations   | 1 2 3 4 |  4.4
Dodging        | |  1.5
Stealth        | |  2.1
Transmutations | |  0.7

Action                   |  1- 3 |  4- 6 |  7- 9 || total
-------------------------+-------+-------+-------++-------
Melee: Club              |    65 |       |       ||    65
       Short sword       |    49 |   135 |    57 ||   241
 Cast: Sandblast         |    24 |    67 |    27 ||   118
       Stone Arrow       |       |     5 |     7 ||    12
  Use: Scroll            |       |    10 |     1 ||    11
       Potion            |       |       |     1 ||     1
 Stab: Sleeping          |     5 |     4 |       ||     9
  Eat: Chunk             |     3 |    11 |     5 ||    19
Armor: Robe              |    41 |    58 |    25 ||   124
Dodge: Dodged            |    85 |    97 |    55 ||   237
